 Dungeon Crawl Stone Soup version 0.25.0-26-g0c896c7088 (webtiles) character file.

Game seed: 535077777249416331

173689 mntl the Severer (level 17, -4/166 HPs)
             Began as a Minotaur Berserker on June 25, 2020.
             Was the Champion of Trog.
             Shot with an arrow by a satyr (26 damage)
             ... on level 3 of the Shoals on July 1, 2020.
             The game lasted 05:58:23 (36235 turns).

mntl the Severer (Minotaur Berserker)              Turns: 36235, Time: 05:58:24

Health: -4/166     AC: 27    Str: 27    XL:     17   Next: 18%
Magic:  16/16      EV: 11    Int:  4    God:    Trog [******]
Gold:   1770       SH:  0    Dex: 10    Spells: 16/16 levels left

rFire    + + +     SeeInvis .   w - +6 battleaxe (flame)
rCold    + + .     Gourm    .   (shield currently unavailable)
rNeg     . . .     Faith    .   x - +2 chain mail {MR+}
rPois    .         Spirit   .   (helmet restricted)
rElec    +         Reflect  .   h - +0 cloak
rCorr    .         Harm     .   r - +0 pair of gloves
MR       ++...                  U - +0 pair of boots
Stlth    ..........             (no amulet)
HPRegen  0.37/turn              j - ring "Ojairump" {*Slow rElec rF++ rC+ AC+4}
MPRegen  0.15/turn              s - ring of protection from cold

@: no status effects
A: retaliatory headbutt, horns 2, iridescent scales 1, clumsy 1, fire resistance
1
}: 1/15 runes: gossamer
a: Berserk, Trog's Hand, Brothers in Arms, Renounce Religion


You were on level 3 of the Shoals.
You worshipped Trog.
Trog was exalted by your worship.
You were not hungry.

You visited 4 branches of the dungeon, and saw 23 of its levels.

You collected 1770 gold pieces.

Inventory:

Hand Weapons
 e - a +0 hand crossbow
 g - a +0 trident
 t - a +5 vorpal quarterstaff
 w - a +6 battleaxe of flaming (weapon)
 z - a +0 antimagic morningstar
Missiles
 C - 81 poisoned darts (quivered)
 J - 80 bolts
 O - 10 atropa-tipped darts
Armour
 h - a +0 cloak (worn)
 r - a +0 pair of gloves (worn)
 x - a +2 chain mail of magic resistance (worn)
 U - a +0 pair of boots (worn)
 Z - a +0 buckler
Jewellery
 j - the ring "Ojairump" (left hand) {*Slow rElec rF++ rC+ AC+4}
   (You found it on level 6 of the Lair of Beasts)

   [ring of protection]

   It affects your AC (+4).
   It greatly protects you from fire.
   It protects you from cold.
   It insulates you from electricity.
   It may slow you when you take damage.
 q - an uncursed ring of poison resistance
 s - a ring of protection from cold (right hand)
 D - a +4 ring of evasion
 R - an uncursed ring of protection from magic
Wands
 f - a wand of polymorph (21)
 n - a wand of enslavement (12)
 N - a wand of digging (2)
 S - a wand of clouds (4)
 Y - a wand of acid (16)
Scrolls
 a - 5 scrolls of identify
 d - 2 scrolls of enchant weapon
 l - 3 scrolls of enchant armour
 o - a scroll of immolation
 p - a scroll of vulnerability {unknown}
 u - 4 scrolls of remove curse
 v - 5 scrolls of teleportation
 A - 3 scrolls of fear
 B - a scroll of magic mapping
 G - 4 scrolls of fog
 K - a scroll of noise
 T - a scroll of brand weapon
 V - a scroll of summoning {unknown}
 X - a scroll of random uselessness {unknown}
Potions
 b - a potion of flight
 i - a potion of invisibility
 k - 3 potions of ambrosia
 m - 4 potions of brilliance
 E - a potion of berserk rage {unknown}
 F - 9 potions of curing
 H - a potion of resistance
 I - a potion of haste
 M - 3 potions of might
 Q - a potion of degeneration {unknown}
 W - 4 potions of mutation
Miscellaneous
 P - a phial of floods
Comestibles
 c - 12 rations


   Skills:
 - Level 18.3 Fighting
 - Level 19.2(20.0) Axes
 - Level 10.6(16.0) Maces & Flails
 * Level 11.8 Crossbows
 + Level 0.8 Throwing
 + Level 17.3 Armour
 - Level 4.9 Dodging
 + Level 4.1 Stealth


You had 16 spell levels left.
You didn't know any spells.
Your spell library contained the following spells:

 Spells                   Type           Power        Failure   Level  Hunger
 Apportation              Tloc           #.....       88%         1    ##.....
 Infusion                 Chrm           #...         88%         1    ##.....
 Magic Dart               Conj           #...         88%         1    ##.....
 Sandblast                Erth           #.....       88%         1    ##.....
 Summon Butterflies       Summ           #.......     88%         1    ##.....
 Blink                    Tloc           N/A          95%         2    ###....
 Call Imp                 Summ           #.......     95%         2    ###....
 Passwall                 Tmut/Erth      #.......     95%         2    ###....
 Shroud of Golubria       Chrm/Tloc      #.....       95%         2    ###....
 Slow                     Hex            #.......     95%         2    ###....
 Song of Slaying          Chrm           #.......     95%         2    ###....
 Conjure Flame            Conj/Fire      #.......     99%         3    ####...
 Lesser Beckoning         Tloc           #.........   99%         3    ####...
 Mephitic Cloud           Conj/Pois/Air  #.......     99%         3    ####...
 Ozocubu's Armour         Chrm/Ice       #.......     99%         3    ####...
 Portal Projectile        Hex/Tloc       #.....       99%         3    ####...
 Recall                   Summ/Tloc      N/A          99%         3    ####...
 Spectral Weapon          Hex/Chrm       #.......     99%         3    ####...
 Stone Arrow              Conj/Erth      #.....       99%         3    ####...
 Summon Guardian Golem    Hex/Summ       #.......     99%         3    ####...
 Tukima's Dance           Hex            #.......     99%         3    ####...
 Animate Dead             Necr           N/A          100%        4    #####..
 Fulminant Prism          Conj/Hex       #.........   100%        4    #####..
 Petrify                  Tmut/Erth      #.......     100%        4    #####..
 Summon Lightning Spire   Summ/Air       #.......     100%        4    #####..
 Alistair's Intoxication  Tmut/Pois      #.......     100%        5    ######.
 Aura of Abjuration       Summ           #.........   100%        5    ######.
 Borgnjor's Vile Clutch   Necr/Erth      #.........   100%        5    ######.
 Lee's Rapid Deconstruct  Erth           #.........   100%        5    ######.
 Metabolic Englaciation   Hex/Ice        #.........   100%        5    ######.
 Summon Demon             Summ           #.........   100%        5    ######.
 Summon Forest            Summ/Tloc      #.........   100%        5    ######.
 Summon Mana Viper        Hex/Summ       #.......     100%        5    ######.
 Death Channel            Necr           #.........   100%        6    #######
 Invisibility             Hex            #.......     100%        6    #######
 Shadow Creatures         Summ           N/A          100%        6    #######
 Simulacrum               Ice/Necr       #.........   100%        6    #######


Dungeon Overview and Level Annotations

Branches:
Dungeon (11/15)            Temple (0/1) D:5            Lair (6/6) D:8
 Shoals (3/4) Lair:4       Spider (4/4) Lair:4        Slime (0/5) Lair:6
    Orc (0/2) D:9

Altars:
Cheibriados
Okawaru
Jiyva

Shops:
D:5 (

Annotations:
D:5 2 transporters, Turtleman12345's ghost, novice DsFi


Innate Abilities, Weirdness & Mutations

You reflexively headbutt those who attack you in melee.
You have a pair of horns on your head.
You are partially covered in iridescent scales. (AC +2)
You are clumsy. (Dex -2)
Your flesh is heat resistant. (rF+)


Message History

The javelin pierces through you but does no damage.
The satyr shoots an arrow.
The arrow hits you.
You slice the merfolk javelineer!! You burn the merfolk javelineer!
The merfolk javelineer is almost dead.
The merfolk javelineer throws a javelin.
The javelin pierces through you but does no damage.
You barely miss the merfolk javelineer. You headbutt the merfolk javelineer.
The merfolk javelineer is almost dead.
The satyr shoots an arrow.
The arrow hits you!!
The merfolk javelineer throws a javelin.
The javelin closely misses you.
You miss the merfolk javelineer.
The merfolk javelineer is almost dead.
The satyr shoots an arrow.
The arrow hits you!!
* * * LOW HITPOINT WARNING * * *
The merfolk javelineer throws a javelin.
The javelin pierces through you!
* * * LOW HITPOINT WARNING * * *
The satyr shoots an arrow.
The arrow hits you!!
You die...

.....≈≈≈≈≈≈≈≈.≈≈..≈≈≈≈≈≈
#..≈≈≈≈..(.(...#.)≈≈≈≈≈≈≈≈≈≈≈≈
#..≈≈≈≈....(..##..≈≈..≈≈≈≈≈≈≈≈
....≈≈.###.())[)<..≈≈≈≈≈≈≈≈≈≈≈
.###.mm####.c)......≈≈≈≈≈≈≈≈≈≈
.#####..##...(≈..≈..≈≈≈≈≈≈≈≈≈≈
..##..........).......≈≈≈≈≈≈≈≈
.....≈.......m(.....(..≈≈≈≈≈≈≈
....≈≈≈........#@.(###.≈≈≈≈≈≈≈
......≈≈......##(..##..≈≈≈≈≈≈≈
(.#...≈≈.........(....≈≈≈≈≈≈≈≈
≈.##..≈≈...≈....≈≈.....≈≈≈≈≈≈≈
≈.....≈≈..≈≈..≈≈≈≈....≈≈≈≈≈≈≈≈
≈.≈..≈≈.........≈.......≈≈≈≈≈≈
≈≈...≈≈..................≈≈≈≈≈
≈≈≈≈≈≈≈≈..........####..≈≈≈≈≈≈
≈≈≈≈≈≈≈≈≈≈≈≈..≈≈.####...≈≈≈≈≈≈


You could see a merfolk javelineer and a satyr.

Vanquished Creatures
  A kraken (Shoals:2)
  3 ghost moths
  6 emperor scorpions
  9 entropy weavers
  4 spark wasps
  A dire elephant (Lair:6)
  2 merfolk javelineers (Shoals:1)
  3 merfolk impalers
  Harold (Lair:1)
  5 hydras
  A catoblepas (Lair:6)
  2 merfolk avatars
  5 merfolk aquamancers
  A queen ant (Spider:3)
  2 alligator snapping turtles
  A satyr (Shoals:2)
  A deep troll shaman (Lair:5)
  7 death scarabs (Spider:4)
  4 two-headed ogres
  5 death yaks (Lair:6)
  8 sea snakes
  5 spectral wolf spiders (Spider:4)
  A wolf spider zombie (Spider:4)
  13 orb spiders
  28 wolf spiders
  14 harpies
  10 fauns
  5 manticores
  An ugly thing (D:11)
  4 merfolk sirens
  2 moths of wrath (Spider:4)
  3 water nymphs (Shoals:1)
  Maurice (D:9)
  16 elephants
  6 black mambas
  3 spectral redbacks (Spider:4)
  12 spiny frogs
  2 torpor snails
  9 komodo dragons
  18 demonic crawlers
  19 merfolk
  2 trolls
  30 jumping spiders
  7 hornets (Spider:4)
  5 hippogriffs
  3 spectral tarantellas (Spider:4)
  5 blink frogs (Lair:1)
  A polar bear (Lair:6)
  2 tarantella zombies (Spider:4)
  3 wind drakes
  5 spectral jumping spiders (Spider:4)
  3 jumping spider zombies (Spider:4)
  5 snapping turtles
  13 water elementals
  90 redbacks
  A shadow (D:11)
  A spriggan (D:9)
  34 tarantellas
  12 yaks
  4 basilisks
  2 hungry ghosts
  4 vampire mosquitoes (D:11)
  20 soldier ants (Spider:3)
  A spectral hornet (Spider:4)
  8 water moccasins
  2 sky beasts (D:6)
  7 porcupines
  A black bear (Lair:6)
  2 ice beasts (D:8)
  3 orc warriors
  2 phantoms
  7 centaurs
  4 wolves
  An ogre (D:11)
  8 crocodiles
  Blork the orc (D:6)
  4 bullfrogs
  2 scorpions
  5 killer bees (D:10)
  12 wights
  3 electric eels
  3 crimson imps
  A bullfrog zombie (D:6)
  4 jellies
  4 hounds
  3 bullfrog skeletons
  8 orc priests
  21 orc wizards
  2 centaur skeletons
  Terence (D:3)
  An iguana (D:10)
  32 worker ants
  8 hell rats (Lair:4)
  2 hound skeletons
  3 gnolls (D:4)
  7 adders
  9 river rats (Lair:4)
  2 shadow imps
  9 oozes
  An adder zombie (D:8)
  3 adder skeletons
  3 worms
  6 dart slugs
  2 leopard geckos (D:6)
  56 orcs
  3 ball pythons
  2 giant cockroaches
  6 goblins
  4 hobgoblins
  6 jackals
  12 kobolds
  3 quokkas
  7 bats
  5 frilled lizards
  2 quokka skeletons (D:4)
  8 rats
  6 fungi
  7 plants
  5 tentacles (Shoals:2)
836 creatures vanquished.

Vanquished Creatures (collateral kills)
  A death scarab (Spider:4)
  A redback zombie (Spider:4)
  A jumping spider zombie (Spider:4)
  2 spectral hornets (Spider:4)
  An orc wizard (D:11)
6 creatures vanquished.

Vanquished Creatures (others)
  A tarantella (Spider:4)
  2 orcs (D:9)
  10 fungi
  17 plants
  14 tentacles (Shoals:2)
  11 toadstools (D:3)
55 creatures vanquished.

Grand Total: 897 creatures vanquished

Notes
Turn   | Place    | Note
-------+----------+-------------------------------------------
     0 | D:1      | mntl the Minotaur Berserker began the quest for the Orb.
     0 | D:1      | Reached XP level 1. HP: 19/19 MP: 0/0
   211 | D:1      | Reached skill level 4 in Axes
   211 | D:1      | Reached XP level 2. HP: 27/27 MP: 1/1
  1011 | D:2      | Reached XP level 3. HP: 29/33 MP: 2/2
  1476 | D:2      | Found a snail-covered altar of Cheibriados.
  2021 | D:2      | Reached ** piety under Trog
  2086 | D:3      | Reached XP level 4. HP: 41/41 MP: 3/3
  2101 | D:3      | Noticed Terence
  2107 | D:3      | Killed Terence
  2107 | D:3      | Reached skill level 5 in Axes
  2218 | D:3      | Reached XP level 5. HP: 47/47 MP: 4/4
  2575 | D:3      | Reached skill level 6 in Axes
  2889 | D:3      | Reached *** piety under Trog
  2889 | D:3      | Reached XP level 6. HP: 55/55 MP: 5/5
  2904 | D:3      | Reached skill level 5 in Fighting
  3412 | D:4      | Reached skill level 7 in Axes
  3606 | D:4      | Got a jewelled dagger
  3670 | D:4      | Reached XP level 7. HP: 62/62 MP: 6/6
  3868 | D:4      | Reached skill level 1 in Stealth
  4224 | D:5      | Entered Level 5 of the Dungeon
  4224 | D:5      | Found Mapovvah's Weapon Shoppe.
  4397 | D:5      | Found a staircase to the Ecumenical Temple.
  4484 | D:5      | Found a transporter.
  4487 | D:5      | Noticed Turtleman12345's ghost (novice DsFi)
  4515 | D:5      | Found a transporter.
  4976 | D:6      | Reached skill level 8 in Axes
  4982 | D:6      | Noticed Blork the orc
  5000 | D:6      | Killed Blork the orc
  5423 | D:6      | Reached skill level 5 in Armour
  5423 | D:6      | Reached XP level 8. HP: 71/71 MP: 7/7
  5434 | D:6      | Reached **** piety under Trog
  5764 | D:7      | You fall into a shaft and drop 2 floors!
  5764 | D:9      | Noticed a troll
  5770 | D:9      | Killed a troll
  5770 | D:9      | Reached skill level 9 in Axes
  5932 | D:9      | Reached skill level 10 in Axes
  5953 | D:9      | Found a staircase to the Orcish Mines.
  6067 | D:9      | Noticed Maurice
  6092 | D:9      | Killed Maurice
  6246 | D:9      | Noticed a two-headed ogre
  6262 | D:9      | Killed a two-headed ogre
  6262 | D:9      | Reached skill level 11 in Axes
  6262 | D:9      | Reached XP level 9. HP: 36/80 MP: 8/8
  6794 | D:10     | Entered Level 10 of the Dungeon
  6809 | D:9      | Reached ***** piety under Trog
  6937 | D:10     | Noticed a two-headed ogre
  7032 | D:9      | Killed a two-headed ogre
  7032 | D:9      | Reached skill level 12 in Axes
  7431 | D:10     | Gained mutation: You are partially covered in iridescent
                  | scales. (AC +2) [potion of mutation]
  7431 | D:10     | Gained mutation: You are clumsy. (Dex -2) [potion of
                  | mutation]
  7431 | D:10     | Gained mutation: Your flesh is heat resistant. (rF+)
                  | [potion of mutation]
  7437 | D:10     | You fall into a shaft and drop 1 floor!
  7486 | D:11     | Reached XP level 10. HP: 90/90 MP: 9/9
  7505 | D:11     | Noticed a brown ugly thing
  7590 | D:11     | Killed a brown ugly thing
  8600 | D:11     | Noticed a two-headed ogre
  8612 | D:11     | Killed a two-headed ogre
  8612 | D:11     | Reached skill level 13 in Axes
  8797 | D:11     | Noticed a two-headed ogre
  8809 | D:11     | Killed a two-headed ogre
  8809 | D:11     | Reached skill level 10 in Fighting
  9264 | D:10     | Reached skill level 10 in Armour
  9264 | D:10     | Reached XP level 11. HP: 94/100 MP: 10/10
  9779 | D:10     | Reached skill level 14 in Axes
 10433 | D:8      | Found a staircase to the Lair.
 10962 | Lair:1   | Entered Level 1 of the Lair of Beasts
 11489 | Lair:1   | Received a gift from Trog
 11616 | Lair:1   | Noticed Harold
 11636 | Lair:1   | Killed Harold
 11636 | Lair:1   | Reached skill level 1 in Maces & Flails
 11827 | Lair:1   | Reached skill level 15 in Axes
 12324 | Lair:2   | You fall into a shaft and drop 2 floors!
 12752 | Lair:4   | Reached XP level 12. HP: 88/112 MP: 11/11
 13108 | Lair:4   | Found a staircase to the Shoals.
 13340 | Lair:4   | Reached skill level 16 in Axes
 13425 | Lair:4   | Found a hole to the Spider Nest.
 14056 | Lair:5   | Noticed a seven-headed hydra
 14075 | Lair:5   | Killed a seven-headed hydra
 14395 | Lair:5   | Reached skill level 5 in Maces & Flails
 14609 | Lair:5   | Received a gift from Trog
 15206 | Lair:6   | Entered Level 6 of the Lair of Beasts
 15398 | Lair:6   | Noticed an eight-headed hydra
 15428 | Lair:5   | Killed a nine-headed hydra
 15428 | Lair:5   | Reached XP level 13. HP: 56/123 MP: 4/12
 16525 | Lair:6   | Noticed a dire elephant
 16590 | Lair:5   | Reached skill level 17 in Axes
 16597 | Lair:6   | Killed a dire elephant
 16739 | Lair:6   | Got a brightly glowing ring mail
 16740 | Lair:6   | Identified the +0 ring mail of Recklessness {Int+4} (You
                  | found it on level 6 of the Lair of Beasts)
 17145 | Lair:6   | Got a vibrating granite ring
 17171 | Lair:6   | Identified the ring "Ojairump" {*Slow rElec rF++ rC+ AC+4}
                  | (You found it on level 6 of the Lair of Beasts)
 17416 | Lair:6   | Found a staircase to the Slime Pits.
 17416 | Lair:6   | Found a viscous altar of Jiyva.
 17462 | Lair:6   | Found an iron altar of Okawaru.
 17801 | Spider:1 | Entered Level 1 of the Spider Nest
 17810 | Spider:1 | Upgraded the game from 0.25.0-11-g1f837a76a1 to
                  | 0.25.0-15-gac7dcb8919
 17876 | Spider:1 | Reached skill level 15 in Fighting
 18521 | Spider:1 | Noticed an emperor scorpion
 18536 | Spider:1 | Killed an emperor scorpion
 18869 | Spider:1 | Noticed an entropy weaver
 18878 | Spider:1 | Killed an entropy weaver
 18878 | Spider:1 | Reached XP level 14. HP: 90/135 MP: 13/13
 19633 | Spider:1 | Noticed an entropy weaver
 19661 | Spider:1 | Killed an entropy weaver
 19923 | Spider:1 | Reached ****** piety under Trog
 20635 | Spider:2 | Reached skill level 18 in Axes
 20690 | Spider:2 | Received a gift from Trog
 20923 | Spider:2 | Noticed an entropy weaver
 21422 | Spider:2 | Noticed an entropy weaver
 21437 | Spider:2 | Killed an entropy weaver
 21628 | Spider:2 | Killed a ghost moth
 21839 | Spider:2 | Killed an entropy weaver
 22184 | Spider:2 | Noticed an emperor scorpion
 22205 | Spider:2 | Killed an emperor scorpion
 22598 | Spider:2 | Identified Sif Muna's Reference Book on Flying Beguiling
 22895 | Spider:2 | Reached skill level 10 in Maces & Flails
 23163 | Spider:3 | Received a gift from Trog
 23231 | Spider:3 | Noticed an entropy weaver
 23234 | Spider:3 | Noticed an entropy weaver
 23238 | Spider:3 | Killed an entropy weaver
 23254 | Spider:3 | Killed an entropy weaver
 23254 | Spider:3 | Reached XP level 15. HP: 81/145 MP: 14/14
 23933 | Spider:3 | Killed a ghost moth
 24361 | Spider:3 | Received a gift from Trog
 24377 | Spider:3 | Reached skill level 19 in Axes
 24729 | Spider:4 | Entered Level 4 of the Spider Nest
 24983 | Spider:4 | Reached skill level 1 in Crossbows
 25761 | Spider:4 | Received a gift from Trog
 26290 | Spider:4 | Reached skill level 5 in Crossbows
 26465 | Spider:4 | Paralysed by a hornet for 3 turns
 27060 | Spider:4 | Reached XP level 16. HP: 154/158 MP: 15/15
 27945 | Spider:4 | Got a gossamer rune of Zot
 27992 | Spider:4 | Reached skill level 15 in Armour
 28230 | Spider:4 | Received a gift from Trog
 28693 | Spider:4 | Upgraded the game from 0.25.0-15-gac7dcb8919 to
                  | 0.25.0-17-g773c8c6189
 29032 | Shoals:1 | Entered Level 1 of the Shoals
 29333 | Shoals:1 | Reached skill level 10 in Crossbows
 31822 | Shoals:2 | HP: 11/237 [merfolk/+0 trident (14)]
 31824 | Shoals:2 | HP: 3/158 [merfolk/+0 trident (5)]
 32785 | Shoals:2 | Noticed a kraken
 33326 | Shoals:2 | Killed a kraken
 33952 | Shoals:2 | Reached XP level 17. HP: 81/166 MP: 16/16
 35076 | Shoals:3 | Received a gift from Trog
 35623 | Shoals:3 | Upgraded the game from 0.25.0-17-g773c8c6189 to
                  | 0.25.0-26-g0c896c7088
 36235 | Shoals:3 | Shot with an arrow by a satyr

Illustrated notes

Levels and vault maps discovered:
D:1:      onia_arrival_pyramid, layout_basic, roderic_roman_lattice
D:2:      layout_loops_ring, cheibriados_altar_1
D:3:      cheibrodos_fertilizer, layout_basic, uniq_terence
D:4:      layout_basic
D:5:      layout_basic, minmay_temple_entry_purple_smoke, first_ration,
          gammafunk_ghost_arena, serial_shops, shop
D:6:      layout_loops_ring, grunt_decor_resistance, uniq_blork_the_orc
D:7:      layout_basic, old_standard_altar
D:8:      layout_cave_pools, dpeg_oklobed_lair
D:9:      layout_rooms, david_orc_2, the_bakery, uniq_maurice
D:10:     layout_basic
D:11:     layout_cave_pods
Lair:1:   layout_misc_corridors, uniq_harold
Lair:2:   beast_lair_carwin_large_1, layout_chaotic_city, minivault_27,
          kennysheep_abandoned_house, serial_bayou_shore_a
Lair:4:   layout_regular_city, elwin_shoals_entry_stream, spider_nest_entry_a,
          kennysheep_rathole
Lair:5:   layout_cave_pods
Lair:6:   grunt_lair_end_beastmaster, layout_regular_city, slime_altar_1,
          basic_altar, portal_ice_cave_entry_pillars_1, grunt_megastairs_3
Shoals:1: layout_shoals, nicolae_shoals_square_sea_wall,
          nicolae_shoals_circle_sea_wall, st_sunken_temple
Shoals:2: layout_shoals
Shoals:3: layout_shoals, uniq_polyphemus
Spider:1: layout_chambers
Spider:2: layout_spider_delve
Spider:3: layout_spider_delve, zaba_anthell
Spider:4: floodkiller_spider_rune_tomb

Skill      XL: |  1  2  3  4  5  6  7  8  9 10 11 12 13 14 15 16 17 |
---------------+----------------------------------------------------+-----
Axes           | 4 5 6 7 8 11 12 13 15 16 17 18 19 | 19.2
Fighting       | 4 5 6 7 8 10 12 13 15 16 18 | 18.3
Armour         | 3 4 5 7 8 10 11 12 13 14 16 17 | 17.3
Dodging        | 3 4 |  4.9
Stealth        | 1 2 3 4 |  4.1
Maces & Flails | 3 6 8 10 | 10.6
Crossbows      | 6 11 | 11.8
Throwing       | |  0.8

Action                   |  1- 3 |  4- 6 |  7- 9 | 10-12 | 13-15 | 16-18 || total
-------------------------+-------+-------+-------+-------+-------+-------++-------
Melee: Hand axe          |    61 |       |       |       |       |       ||    61
       Headbutt          |     8 |    10 |    29 |    85 |   181 |   105 ||   418
       War axe           |    10 |    96 |   120 |       |       |       ||   226
       Battleaxe         |       |       |    44 |   501 |   884 |   442 ||  1871
       Morningstar       |       |       |       |    15 |    23 |       ||    38
 Fire: Hand crossbow     |       |       |       |       |    46 |   138 ||   184
Throw: Dart              |       |       |     1 |       |       |     4 ||     5
Invok: Berserk           |       |     1 |       |     4 |     4 |     3 ||    12
       Trog's Hand       |       |       |     1 |       |     1 |       ||     2
       Brothers in Arms  |       |       |       |     1 |       |     2 ||     3
  Use: Scroll            |     3 |     1 |    11 |     3 |     8 |     4 ||    30
       Potion            |       |       |     4 |     2 |     7 |     4 ||    17
 Stab: Petrified         |       |       |       |       |     9 |       ||     9
       Petrifying        |       |       |       |       |     3 |       ||     3
  Eat: Chunk             |     4 |     3 |     1 |    21 |    11 |     3 ||    43
       Ration            |       |     1 |     4 |     3 |     9 |     8 ||    25
Armor: Animal skin       |     8 |       |       |       |       |       ||     8
       Scale mail        |     4 |     2 |       |       |       |       ||     6
       Chain mail        |       |    35 |    52 |       |   198 |   429 ||   714
       Plate armour      |       |       |    40 |   304 |   613 |       ||   957
       Skin              |       |       |       |     3 |       |       ||     3
Dodge: Dodged            |    39 |    37 |    73 |   260 |   451 |   336 ||  1196
